Map: Polka LE

Players

qqq

  • Race: Zerg Zerg

Massa

  • Race: Terran Terran
  • League: Platinum

Likvi - Winner!

  • Race: Terran Terran
  • League: Diamond

Shadow - Winner!

  • Race: Protoss Protoss
  • League: Diamond

VOD

Have the link to the VOD?

Description

Time

  • Played on: April 28, 2021, 1:12 p.m.
  • Length: 8:58
Show
View Real Time Build Order
Export as new Build Order

qqq Zerg 

Build Orders: Hatch First 

Get SALT Encoding   

  12  0:00  Drone  
  13  0:13  Overlord  
  13  0:20  Drone  
  14  0:31  Drone  
  14  0:32  Drone  
  16  0:39  Drone  
  17  0:56  Hatchery  
  16  1:02  Drone x2  
  18  1:09  Drone  
  19  1:20  Extractor  
  18  1:29  Spawning Pool  
  18  1:31  Drone  
  18  1:33  Overlord  
  18  1:45  Drone  
  19  1:55  Drone  
  20  2:05  Drone  
  21  2:13  Drone x2  
  23  2:16  Queen x2  
  27  2:35  Drone x2  
  29  2:40  Hatchery  
  27  2:46  Drone x2  
  27  2:48  Drone  
  27  2:50  Metabolic Boost  
  30  3:03  Drone  
  33  3:09  Drone x2  
  33  3:10  Roach Warren  
  32  3:14  Overlord  
  32  3:16  Zergling x2  
  33  3:28  Lair  
  33  3:30  Queen  
  33  3:31  Drone  
  36  3:35  Overlord  
  36  3:42  Overlord  
  36  3:56  Roach x2  
  36  3:57  Roach  
  42  4:03  Drone x5, Extractor  
  42  4:04  Zergling x2  
  42  4:05  Drone  
  48  4:11  Queen  
  50  4:18  Queen  
  50  4:20  Drone  
  50  4:23  Drone  
  54  4:30  Drone x2, Zergling x2  
  54  4:31  Roach  
  59  4:35  Roach  
  59  4:36  Drone  
  62  4:42  Overlord  
  62  4:44  Overseer  
  62  4:53  Overlord  
  62  4:55  Drone x2  
  62  4:56  Roach  
  66  5:03  Queen x2, Ravager x2  
  72  5:13  Queen  
  74  5:14  Drone x2  
  74  5:15  Drone  
  74  5:17  Roach  
  78  5:23  Evolution Chamber  
  78  5:25  Evolution Chamber  
  76  5:31  Extractor  
  75  5:38  Roach  
  75  5:39  Queen, Roach  
  75  5:41  Overlord  
  81  5:59  Queen, Roach x2  
  81  6:00  Drone  
  88  6:04  Queen  
  88  6:07  Overlord x2  
  90  6:13  Hatchery  
  89  6:18  Zerg Missile Weapons Level 1  
  89  6:20  Zerg Ground Armor Level 1  
  89  6:28  Spore Crawler  
  89  6:30  Spore Crawler  
  87  6:34  Queen  
  91  6:54  Roach x5  
  91  6:55  Roach x3  
  91  6:56  Overlord x3  
  105  7:14  Drone x3  
  105  7:15  Drone  
  109  7:24  Zergling x4  
  109  7:25  Zergling x2  
  85  7:44  Roach x5  
  85  7:45  Roach x2  
  83  8:11  Roach x6  
  83  8:12  Roach x2  
  82  8:19  Roach  
  74  8:23  Roach x4  
  74  8:24  Roach  
  78  8:30  Roach  
  86  8:35  Roach  
  86  8:36  Roach x2  
Show
View Real Time Build Order
Export as new Build Order

Massa Terran 

Build Orders:  

Get SALT Encoding   

  12  0:00  SCV  
  13  0:12  SCV  
  14  0:19  Supply Depot  
  14  0:24  SCV  
  15  0:41  SCV  
  15  0:42  Barracks  
  16  0:47  Refinery  
  16  0:53  SCV  
  17  1:05  SCV  
  18  1:17  SCV  
  19  1:29  Reaper, SCV  
  21  1:41  Orbital Command  
  21  1:48  Command Center  
  21  2:00  Marine  
  22  2:11  SCV  
  23  2:16  Factory  
  23  2:30  Supply Depot  
  23  2:42  Barracks Reactor  
  23  2:52  SCV  
  24  3:04  SCV, Hellion  
  27  3:07  Orbital Command  
  27  3:14  Refinery  
  27  3:16  Starport, SCV  
  27  3:19  Marine x2  
  30  3:25  Widow Mine  
  32  3:28  SCV  
  32  3:32  Supply Depot  
  33  3:35  SCV  
  33  3:37  Marine x2  
  33  3:39  Barracks  
  33  3:40  SCV  
  37  3:47  SCV, Factory Tech Lab  
  37  3:48  Barracks  
  38  3:53  SCV, Medivac  
  38  3:55  Marine x2  
  43  4:02  SCV  
  44  4:05  SCV  
  44  4:09  Engineering Bay  
  45  4:13  Marine x2  
  45  4:14  SCV  
  45  4:16  Siege Tank  
  52  4:17  SCV  
  52  4:31  Marine x2  
  52  4:34  Barracks Tech Lab  
  52  4:36  Starport Tech Lab  
  54  4:40  Terran Infantry Weapons Level 1  
  54  4:42  Supply Depot  
  54  4:44  Supply Depot  
  54  4:51  Barracks Reactor  
  54  5:03  SCV x2  
  56  5:15  SCV x2  
  56  5:18  Siege Tank  
  61  5:23  Refinery  
  61  5:24  Refinery  
  61  5:28  SCV x2  
  63  5:31  Command Center  
  61  6:00  Marauder, Marine x4  
  61  6:02  Stimpack  
  67  6:06  SCV x2  
  69  6:18  Marine, Missile Turret x2  
  70  6:24  Supply Depot  
  70  6:27  Barracks  
  70  6:28  Supply Depot  
  70  6:31  Barracks  
  70  6:33  Missile Turret  
  70  6:34  Missile Turret  
  70  6:38  Missile Turret  
  70  6:42  SCV x2, Raven, Marine, Siege Tank  
  70  6:43  Marauder  
  80  6:48  Supply Depot  
  80  6:51  Supply Depot  
  80  6:55  SCV x2  
  81  7:07  SCV x2  
  83  7:19  SCV  
  83  7:22  Planetary Fortress  
  72  7:32  Marine  
  72  7:33  Marauder, Marine x2  
  67  7:42  Marine  
  58  7:46  Siege Tank  
  58  7:50  Marine x2  
  58  7:51  Marine  
  60  7:53  Barracks Reactor, Barracks Tech Lab  
  60  7:54  Marauder, Medivac  
  59  8:10  Marine x2  
  59  8:11  Marine  
  60  8:24  Medivac  
  56  8:31  Marine  
  56  8:32  Marine  
  56  8:33  Marauder  
Show
View Real Time Build Order
Export as new Build Order

Likvi Terran - Winner!

Build Orders: Reaper Expand 

Get SALT Encoding   

  12  0:00  SCV  
  13  0:12  SCV  
  14  0:24  Supply Depot  
  14  0:26  SCV  
  15  0:45  SCV  
  15  0:47  Barracks  
  16  0:50  Refinery  
  16  0:57  SCV  
  17  1:09  SCV  
  18  1:21  SCV  
  19  1:34  Reaper  
  20  1:42  Orbital Command  
  20  1:45  Command Center  
  20  1:58  Supply Depot  
  20  2:06  Marine  
  21  2:09  SCV  
  22  2:16  Factory  
  22  2:21  SCV  
  22  2:22  Refinery  
  23  2:33  SCV  
  23  2:34  Barracks Reactor  
  24  2:45  SCV  
  25  2:57  SCV  
  26  3:01  Orbital Command  
  26  3:04  Factory Tech Lab  
  25  3:08  Starport  
  25  3:09  SCV  
  25  3:11  Marine  
  25  3:12  Marine  
  28  3:22  SCV  
  28  3:23  Cyclone  
  32  3:28  SCV  
  32  3:29  Marine x2  
  32  3:34  SCV  
  36  3:40  SCV  
  37  3:46  Starport Tech Lab, SCV  
  38  3:48  Marine x2  
  38  3:49  Refinery  
  38  3:52  SCV  
  41  3:59  Supply Depot  
  41  4:00  Siege Tank  
  44  4:04  SCV  
  44  4:05  SCV  
  44  4:09  Engineering Bay  
  46  4:15  Supply Depot  
  46  4:20  Banshee, Marine x2, SCV  
  46  4:24  Cloaking Field  
  52  4:26  SCV  
  53  4:32  SCV  
  53  4:37  Siege Tank  
  53  4:38  Marine x2  
  57  4:44  SCV, Supply Depot  
  60  4:49  SCV  
  61  4:56  Marine  
  62  5:05  Banshee, SCV x2  
  62  5:06  Supply Depot  
  67  5:11  Siege Tank  
  67  5:13  Supply Depot  
  70  5:15  Missile Turret  
  70  5:18  Missile Turret  
  70  5:27  Marine x2  
  70  5:28  SCV x2  
  74  5:32  Supply Depot  
  74  5:40  SCV x2  
  76  5:43  Siege Tank  
  76  5:45  Marine x2  
  76  5:48  Banshee  
  76  5:49  Barracks  
  83  5:52  SCV  
  84  6:01  Missile Turret  
  84  6:05  Marine  
  84  6:06  Marine  
  86  6:15  Siege Tank  
  86  6:17  Barracks  
  86  6:18  SCV  
  90  6:23  Terran Infantry Weapons Level 1  
  90  6:26  Supply Depot  
  90  6:28  SCV  
  90  6:30  SCV  
  92  6:34  Command Center  
  92  6:36  Missile Turret  
  92  6:37  Barracks Tech Lab, Raven  
  94  6:43  Refinery  
  94  6:47  SCV, Marine x2  
  94  6:48  Supply Depot  
  94  6:50  Siege Tank  
  100  7:03  Stimpack  
  100  7:08  Barracks Tech Lab  
  100  7:09  SCV  
  100  7:10  Supply Depot  
  100  7:11  Barracks  
  100  7:12  Barracks  
  100  7:19  Marine  
  100  7:20  Marine  
  83  7:35  Marine x2  
  75  7:37  Marine, Siege Tank  
  75  7:38  Banshee  
  75  7:42  SCV x2  
  83  7:54  SCV  
  84  7:58  Marine x2  
  84  7:59  Marauder x2  
  90  8:15  Barracks Tech Lab  
  90  8:16  Barracks Reactor  
  90  8:18  Marine x2, Siege Tank  
  94  8:20  Marauder  
  94  8:21  Marauder  
  98  8:29  Starport Reactor  
  98  8:36  SCV x2, Marine x2  
  98  8:40  Command Center  
  102  8:43  Engineering Bay  
  102  8:45  Barracks  
  102  8:48  Refinery  
Show
View Real Time Build Order
Export as new Build Order

Shadow Protoss - Winner!

Build Orders: Double Forge, Nexus First, Blink Stalkers 

Get SALT Encoding   

  12  0:01  Probe  
  14  0:14  Probe  
  14  0:19  Pylon  
  14  0:27  Probe  
  15  0:39  Probe  
  16  0:58  Nexus  
  16  1:11  Gateway  
  16  1:13  Assimilator  
  16  1:29  Probe (Chrono Boost)  
  16  1:30  Assimilator  
  18  1:40  Probe (Chrono Boost)  
  18  1:43  Pylon  
  18  1:45  Probe (Chrono Boost)  
  19  1:55  Probe  
  19  1:58  Cybernetics Core  
  20  2:08  Probe (Chrono Boost)  
  21  2:10  Probe (Chrono Boost)  
  22  2:20  Probe (Chrono Boost)  
  22  2:21  Probe (Chrono Boost)  
  24  2:25  Probe (Chrono Boost)  
  24  2:26  Probe (Chrono Boost)  
  26  2:34  Probe  
  26  2:35  Twilight Council  
  26  2:36  Probe  
  28  2:40  Pylon  
  28  2:46  Probe  
  28  2:48  Probe  
  31  2:58  Probe  
  31  3:00  Probe  
  31  3:01  Warp Gate (Chrono Boost)  
  32  3:08  Blink (Chrono Boost)  
  32  3:10  Probe  
  33  3:12  Probe  
  33  3:17  Gateway  
  34  3:22  Probe  
  34  3:25  Probe  
  36  3:34  Probe  
  36  3:37  Probe  
  36  3:40  Nexus  
  38  3:41  Pylon  
  38  3:47  Probe  
  39  3:49  Probe, Forge  
  39  3:51  Forge  
  40  3:59  Probe  
  40  4:01  Probe  
  40  4:02  Assimilator  
  42  4:11  Probe  
  42  4:15  Gateway x2  
  42  4:16  Probe  
  44  4:18  Protoss Ground Weapons Level 1 (Chrono Boost), Gateway  
  44  4:23  Probe  
  45  4:28  Probe  
  46  4:33  Protoss Ground Armor Level 1 (Chrono Boost)  
  46  4:35  Probe  
  47  4:40  Probe  
  47  4:43  Gateway  
  48  4:46  Gateway  
  48  4:47  Probe  
  48  4:52  Probe  
  50  4:55  Charge  
  50  4:56  Gateway  
  50  4:57  Robotics Facility  
  50  4:59  Probe x2  
  52  5:04  Probe  
  53  5:11  Probe  
  53  5:12  Probe, Stalker x2  
  59  5:22  Stalker  
  59  5:23  Stalker  
  59  5:24  Probe x2  
  59  5:25  Stalker  
  67  5:37  Gateway, Pylon  
  67  5:39  Gateway  
  67  5:40  Shield Battery  
  67  5:42  Gateway, Pylon  
  67  5:43  Pylon  
  67  5:56  Warp Prism  
  69  5:59  Gateway x2  
  69  6:01  Stalker x2  
  69  6:02  Pylon  
  69  6:03  Sentry  
  75  6:04  Sentry  
  75  6:05  Sentry  
  75  6:10  Probe  
  80  6:12  Protoss Ground Weapons Level 2 (Chrono Boost)  
  80  6:15  Pylon  
  80  6:16  Pylon  
  80  6:21  Stalker x3  
  80  6:25  Stalker  
  88  6:30  Pylon  
  88  6:31  Pylon  
  88  6:39  Pylon  
  88  6:40  Pylon, Stalker x2  
  88  6:42  Stalker  
  88  6:46  Stalker  
  96  6:48  Zealot  
  96  6:49  Zealot  
  96  6:51  Zealot  
  102  7:00  Zealot x4  
  110  7:23  Stalker x4  
  110  7:24  Zealot x6  
  128  7:39  Zealot  
  128  7:40  Zealot x2  
  120  7:54  Zealot x8  
  120  7:55  Zealot x5  
  134  8:18  Stalker  
  134  8:19  Stalker x8  
  148  8:21  Zealot x2  
  152  8:40  Zealot x2  
  152  8:41  Zealot x2  
  154  8:52  Pylon x2  
  154  8:53  Pylon  
  154  8:55  Pylon  
  154  8:57  Pylon  
Tags
 
Add a new tag
Caveats
  • Supply blocks, unpowered buildings, or Contaminate may cause inaccurate times.
  • Supply counts are checked every 10 seconds.